AoeStats
← akarisialo

Black Forest

510844495Analyzed
4v4 RM · 6h ago on Oct 2, 2026· 68m 4s· 8 players
Game mode
Random Map
Map size
Large (8 player)
Population
200
Speed
Normal
Resources
Standard
Victory
Conquest
Starting age
Dark Age
Ending age
Imperial Age
RankedLock teamsTeams togetherTeam positionsShared explorationLock speedFull tech treeHidden civsTurbo modeCheats
Victory
Defeat
🇨🇱 Saracens · Chile
752
+17
🇧🇷 Britons · Brazil
752
+17
🇵🇪 Turks · Peru
744
+17
700
+19
🇺🇸 Japanese · United States
832
-19
🇨🇳 Spanish · China
804
-19
🇫🇷 Franks · France
763
-17
🇩🇪 Persians · Germany
700
-15
capitaoJOE
11:02 Feudal Age
13:25 Double-Bit Axe
17:11 Castle Age
15:33 Gold Mining
15:33 Stone Mining
18:08 Wheelbarrow
18:53 Gold Shaft Mining
18:17 Horse Collar
19:47 Bow Saw
25:03 Hand Cart
24:34 Loom
24:35 Town Watch
28:51 Crossbowman
30:00 Heavy Plow
30:29 Fletching
30:39 Padded Archer Armor
31:05 Ballistics
34:37 Imperial Age
33:12 Yeomen
33:07 Fortified Wall
33:16 Masonry
33:44 Guard Tower
33:57 Murder Holes
34:58 Leather Archer Armor
34:42 Bodkin Arrow
35:14 Elite Skirmisher
36:30 Ring Archer Armor
36:12 Caravan
37:17 Chemistry
37:46 Bracer
38:14 Warwolf
38:17 Arbalester
41:13 Hoardings
41:56 Keep
45:54 Cranequins
45:54 Heavy Mounted Crossbowman
48:50 Elite Longbowman
ZzzzzzCamilaVuelvePorfavor
7:24 Loom
12:29 Feudal Age
13:16 Double-Bit Axe
13:13 Horse Collar
15:15 Wheelbarrow
20:17 Castle Age
20:13 Bloodlines
20:19 Scale Barding Armor
21:05 Gold Mining
22:55 Gold Shaft Mining
22:42 Forging
23:39 Chain Barding Armor
24:48 Heavy Plow
28:06 Hand Cart
28:54 Bow Saw
31:59 Husbandry
32:38 Iron Casting
35:42 Imperial Age
36:10 Stone Mining
37:12 Conscription
38:24 Two-Man Saw
37:58 Crop Rotation
39:15 Chemistry
38:14 Elite War Elephant
39:39 Plate Barding Armor
39:15 Town Watch
41:14 Ballistics
41:13 Town Patrol
44:38 Kamandaran
48:01 Elite Skirmisher
49:02 Thumb Ring
49:23 Crossbowman
50:34 Parthian Tactics
51:56 Stone Shaft Mining
52:52 Padded Archer Armor
52:42 Fletching
53:54 Blast Furnace
55:09 Bodkin Arrow
55:30 Leather Archer Armor
59:43 Ring Archer Armor
59:15 Scale Mail Armor
akarisialo
11:03 Feudal Age
12:02 Double-Bit Axe
12:57 Horse Collar
17:18 Loom
20:18 Castle Age
24:41 Scale Barding Armor
25:09 Bow Saw
27:23 Padded Archer Armor
29:18 Husbandry
31:04 Bloodlines
31:56 Leather Archer Armor
32:22 Wheelbarrow
32:19 Heavy Plow
34:42 Ballistics
36:17 Gold Mining
40:26 Imperial Age
39:23 Forging
39:34 Chain Barding Armor
40:45 Hand Cart
41:46 Conscription
45:08 Ring Archer Armor
45:18 Gold Shaft Mining
48:44 Fletching
PilotExpert9105
0:41 Loom
16:18 Feudal Age
17:41 Double-Bit Axe
24:52 Castle Age
26:19 Caravan
28:59 Bow Saw
29:38 Husbandry
31:21 Bloodlines
31:28 Fervor
33:15 Sanctity
33:16 Bimaristan
33:48 Forging
33:28 Fletching
33:45 Scale Barding Armor
35:13 Fortified Wall
35:24 Ballistics
35:53 Wheelbarrow
38:38 Imperial Age
38:17 Hand Cart
38:06 Gold Mining
39:42 Chain Barding Armor
39:58 Iron Casting
38:49 Elite Mameluke
41:47 Chemistry
41:25 Plate Barding Armor
41:49 Horse Collar
42:49 Conscription
46:46 Blast Furnace
45:42 Bodkin Arrow
45:56 Scale Mail Armor
45:24 Pikeman
46:04 Squires
45:50 Gambesons
47:09 Devotion
50:14 Man-at-Arms
50:49 Long Swordsman
51:45 Arson
51:23 Two-Handed Swordsman
52:30 Chain Mail Armor
52:27 Champion
58:22 Plate Mail Armor
brad
0:52 Loom
16:15 Feudal Age
18:49 Gold Mining
18:47 Double-Bit Axe
18:44 Horse Collar
18:57 Stone Mining
21:06 Wheelbarrow
23:04 Castle Age
23:12 Arson
24:52 Forging
24:43 Scale Mail Armor
24:12 Pikeman
24:38 Gambesons
24:54 Squires
28:52 Chain Mail Armor
29:13 Iron Casting
41:03 Gambesons
44:04 Heavy Plow
47:06 Hand Cart
46:37 Town Watch
57:49 Imperial Age
56:19 Fletching
56:29 Padded Archer Armor
56:48 Fortified Wall
58:03 Halberdier
59:16 Plate Mail Armor
60:37 Bow Saw
60:56 Thumb Ring
61:00 Bodkin Arrow
61:20 Leather Archer Armor
60:28 Elite Skirmisher
62:38 Bracer
63:08 Ring Archer Armor
63:37 Ballistics
64:18 Chemistry
raphi_45
9:49 Loom
11:35 Feudal Age
12:36 Double-Bit Axe
20:27 Castle Age
19:17 Gold Mining
19:20 Stone Mining
21:43 Bow Saw
22:13 Gold Shaft Mining
25:27 Husbandry
24:47 Light Cavalry
24:50 Pikeman
25:30 Squires
27:09 Scale Barding Armor
27:04 Scale Mail Armor
27:15 Forging
27:23 Elite Skirmisher
31:47 Town Watch
32:38 Wheelbarrow
33:37 Chain Barding Armor
33:33 Chain Mail Armor
33:53 Iron Casting
33:09 Fletching
33:19 Padded Archer Armor
40:27 Imperial Age
38:42 Ordonnance Companies
42:13 Halberdier
42:48 Cavalier
45:41 Paladin
48:30 Caravan
47:55 Elite Throwing Axeman
49:11 Hoardings
52:16 Chivalry
52:37 Conscription
53:01 Plate Barding Armor
53:11 Plate Mail Armor
57:55 Town Patrol
58:12 Hand Cart
62:11 Onager
heffenstinner
0:38 Loom
13:27 Feudal Age
17:37 Wheelbarrow
20:03 Castle Age
17:49 Town Watch
18:00 Double-Bit Axe
22:35 Hand Cart
22:50 Stone Mining
22:58 Gold Mining
23:24 Bow Saw
23:01 Horse Collar
25:12 Town Patrol
25:35 Pikeman
31:45 Imperial Age
32:15 Halberdier
34:23 Caravan
36:34 Two-Man Saw
36:59 Gold Shaft Mining
37:03 Stone Shaft Mining
36:26 Elite War Elephant
39:47 Chemistry
38:59 Masonry
38:46 Murder Holes
40:47 Citadels
40:57 Conscription
40:45 Kamandaran
40:20 Cavalier
41:01 Husbandry
40:59 Elite Skirmisher
43:40 Savar
45:15 Scale Barding Armor
47:57 Chain Barding Armor
56:41 Heavy Plow
Jayooin
0:33 Loom
11:37 Feudal Age
12:15 Double-Bit Axe
12:13 Horse Collar
13:14 Wheelbarrow
12:24 Town Watch
13:11 Town Watch
19:12 Castle Age
18:58 Stone Mining
19:05 Fletching
21:03 Bow Saw
20:56 Heavy Plow
20:42 Elite Skirmisher
27:09 Sanctity
29:33 Bodkin Arrow
29:50 Thumb Ring
31:45 Inquisition
32:20 Guard Tower
35:35 Fervor
38:55 Imperial Age
38:28 Caravan
38:57 Hand Cart
38:42 Town Patrol
41:13 Conscription
41:20 Block Printing
41:44 Theocracy
41:39 Illumination
42:37 Bracer
42:37 Padded Archer Armor
43:07 Ballistics
43:49 Chemistry
45:51 Fortified Wall
45:40 Murder Holes
46:12 Pikeman
46:53 Squires
46:39 Arson
47:33 Halberdier
50:40 Leather Archer Armor
65:00 Capped Ram
66:35 Supremacy
Connection lost

Rejoining the realm…

Still unreachable

The connection could not be restored.

Session expired

The server has moved on; the page needs a fresh start.